 Dungeon Crawl Stone Soup version 0.26-a0-774-g1415c89e12 (webtiles) character file.

Game seed: 3554654526285463428

1108 2tc the Spear-Bearer (level 8, -7/56 HPs)
             Began as a Merfolk Gladiator on Nov 9, 2020.
             Mangled by an ogre
             ... wielding a +0 giant spiked club
              (22 damage)
             ... on level 5 of the Dungeon.
             The game lasted 00:20:15 (4551 turns).

2tc the Spear-Bearer (Merfolk Gladiator)            Turns: 4551, Time: 00:20:16

Health: -7/56      AC:  4    Str: 18    XL:     8   Next: 33%
Magic:  17/17      EV: 15    Int:  9    God:
Gold:   273        SH:  0    Dex: 15    Spells: 7/7 levels left

rFire    . . .     SeeInvis .   k - +1 spear
rCold    . . .     Faith    .   (no shield)
rNeg     . . .     Spirit   .   t - +1 robe "Liphebba" {rElec Regen+ Str+3 Stlth-}
rPois    .         Reflect  .   o - +0 helmet (curse)
rElec    +         Harm     .   (no cloak)
rCorr    .         Rampage  .   (no gloves)
MR       .....                  (no boots)
Stlth    +.........             (no amulet)
HPRegen  0.58/turn              n - ring of stealth
MPRegen  0.15/turn              e - ring of magical power

@: no status effects
A: change form in water, swift swim, stealthy swim
a: no special abilities


You were on level 5 of the Dungeon.
You visited 1 branch of the dungeon, and saw 5 of its levels.
You also visited: Sewer.

You collected 273 gold pieces.

Inventory:

Hand Weapons
 a - a +0 trident
 k - a +1 spear (weapon)
 v - a +3 vorpal trident
Missiles
 d - 4 throwing nets
 p - 5 boomerangs (quivered)
Armour
 b - a +0 leather armour
 c - a +0 helmet
 o - a cursed +0 helmet (worn)
 t - the +1 robe "Liphebba" (worn) {rElec Regen+ Str+3 Stlth-}
   (You found it on level 4 of the Dungeon)

   It affects your strength (+3).
   It insulates you from electricity.
   It increases your rate of regeneration.
   It makes you less stealthy.
Jewellery
 e - a ring of magical power (right hand)
 n - a ring of stealth (left hand)
Scrolls
 g - 2 scrolls of teleportation
 i - 3 scrolls of remove curse
 s - a scroll of enchant weapon
Potions
 f - a potion of flight
 h - 3 potions of haste
 j - 2 potions of brilliance
 l - a potion of cancellation {unknown}
 m - a potion of degeneration {unknown}
 r - 2 potions of curing
 u - 2 potions of mutation {unknown}
 w - 3 potions of might
 x - a potion of magic {unknown}


   Skills:
 - Level 2.1 Fighting
 - Level 12.0 Polearms
 - Level 2.0 Throwing
 - Level 3.0 Armour
 + Level 5.5 Dodging


You had 7 spell levels left.
You didn't know any spells.
Your spell library was empty.

Dungeon Overview and Level Annotations

Branches:
Dungeon (5/15)              Sewer (visited)
 Temple: D:4-7

Altars:
Cheibriados
Elyvilon
Gozag
Makhleb
Uskayaw
The Shining One


Message History

You are no longer poisoned.
Attack whom?
Press: ? - help, Dir - move target cursor, f/p - ogre
Aim: an ogre, wielding a +0 giant spiked club (moderately wounded)
You reach to attack!
You closely miss the ogre.
The ogre is moderately wounded.
You feel much better.
The ogre hits you with a +0 giant spiked club!
You hit the ogre but do no damage.
The ogre is moderately wounded.
You hit the ogre.
The ogre is moderately wounded.
The ogre hits you with a +0 giant spiked club!!
* * * LOW HITPOINT WARNING * * *
A worker ant comes into view.
As you read the scroll labeled XAYMOD BEOLIOJU, it crumbles to dust.
It is a scroll of enchant armour.
Your cursed -1 helmet glows green for a moment.
The ogre hits you with a +0 giant spiked club!!
You die...

....##.##.##.# #.# #..#
#######.#.#.# #.#########..#
######.....## #####....)†......#
....<...#..............######.##
####.##.#..###########.# #.#
#........# ########÷######.##
##.##.#..# #.........≈≈≈.#..#
##.#.#.## ##[#######.≈≈≈≈#..# #
####....####..@#####..≈≈≈≈#..##
.##.............O....B...≈≈≈#..#.
..#..(....####...######....≈##.#.
#...###.### ##.## ####.###.#.
..### #.# #.# #.# #.#. .######.#
#.# #.# #... #†#.....#
#.##########.# #### .########
#............# #.# ##############


You could see an ogre and a worker ant.

Vanquished Creatures
  2 sky beasts (D:5)
  A hornet zombie (D:5)
  A phantom (D:4)
  3 ogres
  2 centaur skeletons
  A hound (D:5)
  A jelly (D:5)
  2 worker ants (D:5)
  11 gnolls (D:5)
  4 adders
  A river rat (D:5)
  2 ufetubi
  2 oozes
  An adder skeleton (D:5)
  3 worms
  6 dart slugs
  4 leopard geckos
  8 orcs
  9 ball pythons
  8 giant cockroaches
  5 goblins
  6 hobgoblins
  23 jackals
  6 bats
  9 frilled lizards
  18 kobolds
  A leopard gecko skeleton (D:5)
  10 rats
150 creatures vanquished.

Vanquished Creatures (others)
  4 plants (Sewer)
4 creatures vanquished.

Grand Total: 154 creatures vanquished

Notes
Turn   | Place    | Note
-------+----------+-------------------------------------------
     0 | D:1      | 2tc the Merfolk Gladiator began the quest for the Orb.
     0 | D:1      | Reached XP level 1. HP: 16/16 MP: 1/1
    23 | D:1      | Reached skill level 5 in Polearms
    23 | D:1      | Reached XP level 2. HP: 19/22 MP: 2/2
   275 | D:1      | Reached skill level 6 in Polearms
   275 | D:1      | Reached XP level 3. HP: 27/27 MP: 3/3
   924 | D:1      | Reached skill level 7 in Polearms
   924 | D:1      | Reached XP level 4. HP: 20/33 MP: 4/4
  1704 | D:3      | Found an opulent altar of Gozag.
  1970 | D:3      | Reached skill level 8 in Polearms
  1972 | D:3      | Reached XP level 5. HP: 35/38 MP: 5/5
  2084 | D:3      | Found a hide-covered altar of Uskayaw.
  2399 | D:4      | Noticed an ogre
  2440 | D:4      | Killed an ogre
  2440 | D:4      | Reached skill level 9 in Polearms
  2440 | D:4      | Reached XP level 6. HP: 35/44 MP: 6/6
  2663 | D:4      | Got an ancient robe
  2674 | D:4      | Identified the +1 robe "Liphebba" {rElec Regen+ Str+3
                  | Stlth-} (You found it on level 4 of the Dungeon)
  2766 | D:4      | Found a glowing golden altar of the Shining One.
  2766 | D:4      | Noticed a phantom
  2800 | D:4      | Killed a phantom
  2800 | D:4      | Reached skill level 10 in Polearms
  2870 | D:4      | Found a burning altar of Makhleb.
  3102 | D:4      | Found a white marble altar of Elyvilon.
  3284 | D:5      | Entered Level 5 of the Dungeon
  3312 | D:5      | Noticed a sky beast
  3330 | D:5      | Killed a sky beast
  3330 | D:5      | Reached XP level 7. HP: 37/50 MP: 7/7
  3375 | D:5      | Reached skill level 11 in Polearms
  3665 | D:5      | Reached skill level 12 in Polearms
  3716 | D:5      | Reached skill level 1 in Armour
  3771 | D:5      | Reached XP level 8. HP: 56/56 MP: 8/8
  3798 | D:5      | Found a snail-covered altar of Cheibriados.
  3860 | D:5      | Found a glowing drain.
  3912 | Sewer    | Entered a sewer
  4430 | D:5      | HP: 1/56 [hornet zombie (11)]
  4432 | D:5      | Reached skill level 5 in Dodging
  4551 | D:5      | Mangled by an ogre

Illustrated notes

Levels and vault maps discovered:
D:1:      scummos_arrival_star, layout_basic, minmay_misc_feat_roman,
          grunt_decor_resistance
D:2:      layout_rooms
D:3:      layout_rooms, nicolae_gozag_seed_capital,
          nicolae_overflow_hidden_temple, kennysheep_generic_room_10
D:4:      layout_loops_ring, tso_altar, elyvilon_altar_1, lemuel_round_altar
D:5:      minmay_diamond_boxcup, layout_loops_ring, gammafunk_ghost_grave,
          portal_sewer_entry_b, kennysheep_slug_shrine

Skill      XL: |  1  2  3  4  5  6  7  8 |
---------------+-------------------------+-----
Polearms       | 5 6 7 8 9 10 12 | 12.0
Armour         | 2 3 |  3.0
Dodging        | 5 |  5.5
Fighting       | |  2.1
Throwing       | |  2.0

Action                   |  1- 3 |  4- 6 |  7- 9 || total
-------------------------+-------+-------+-------++-------
Melee: Trident           |   126 |     7 |       ||   133
       Spear             |       |   245 |   286 ||   531
       Tailslap          |       |     1 |       ||     1
Throw: Boomerang         |       |     2 |     2 ||     4
  Use: Scroll            |     4 |    10 |     5 ||    19
       Potion            |       |     1 |     4 ||     5
 Stab: Sleeping          |     3 |    13 |     6 ||    22
Armor: Leather armour    |    31 |    13 |       ||    44
       Robe              |       |     8 |    17 ||    25
Dodge: Dodged            |    82 |    99 |    79 ||   260

Table legend: (Time is in decaauts)
 A = Elapsed time spent in this place.
 B = Non-inter-level travel time spent in this place.
 C = Inter-level travel time spent in this place.
 D = Time resting spent in this place.
 E = Time spent auto-exploring this place.
 F = Levels seen in this place.
 G = Mean time per level.
                   A        B        C        D        E       F      G
               +--------+--------+--------+--------+--------+-----+--------+
         Total |   4229 |   4154 |     75 |    608 |   2298 |   6 |  704.8 |
       Dungeon |   3949 |   3874 |     75 |    608 |   2105 |   5 |  789.8 |
         Sewer |    280 |    280 |      0 |      0 |    193 |   1 |  280.0 |
               +--------+--------+--------+--------+--------+-----+--------+

Top non-repeatable levels by time:
     D:1: 1037 daAuts
     D:4: 906 daAuts
     D:5: 744 daAuts
     D:3: 720 daAuts
     D:2: 541 daAuts
   Sewer: 280 daAuts
